Influenza vs Saguenéens
Created - 10 février 2014 at 19:18
Goals
|
| Influenza |
4 |
0 |
2 |
6 |
| Saguenéens |
0 |
1 |
1 |
2 |
|
Shots
|
| Influenza |
12 |
8 |
15 |
35 |
| Saguenéens |
10 |
15 |
12 |
37 |
|
1st period
1. Influenza , Rob Schremp 20 (Blake Comeau) at 0:08
2. Influenza , Martins Karsums 15 (Ryan Carter, Jaime Sifers) at 4:42
3. Influenza , Rob Schremp 21 (Justin Abdelkader, Carl Gunnarsson) at 15:54
4. Influenza , Robbie Earl 18 (Martins Karsums, Ryan Carter) at 19:30
Penalties :
Timothy Kunes (VJB) for Interference (Minor) at 6:39
2nd period
5. Saguenéens , Kris Russell 3 (Andreas Johansson, Harru Sateri) at 9:57 (PP)
Penalties :
Brandon Yip (Chi) for Fighting (Major) at 4:39, Jaime Sifers (VJB) for Fighting (Major) at 4:39, Brandon Yip (Chi) for instigated a fight (Minor) at 4:39, Brandon Yip (Chi) for instigated a fight (10 Minutes Misconduct) at 4:39, Jamie McBain (VJB) for Tripping (Minor) at 9:21
3rd period
6. Saguenéens , Tyler Kennedy 18 (Wayne Simmonds) at 1:13
7. Influenza , Rob Schremp 22 (Blake Comeau, Justin Abdelkader) at 3:52 (PP)
8. Influenza , Rob Schremp 23 (Blake Comeau) at 17:15
Penalties :
Henrik Tallinder (Chi) for Interference (Minor) at 2:52, Evgeny Dadonov (Chi) for Hooking (Minor) at 9:43
Goalie Stats
Brent Krahn (VJB), 35 saves from 37 shots - (0,946), W, 17-13-5, 60:00 minutes
James Reimer (Chi), 10 saves from 11 shots - (0,909), 16:08 minutes
Harru Sateri (Chi), 19 saves from 24 shots - (0,792), L, 6-7-1, 43:52 minutes
Players Stats for Influenza
Player Name G A P +/- PIM S H SB GA TA FO MP PP MP PK MP
------------------------------------------------------------------------------------
Alexander Sulzer 0 0 0 0 0 2 1 3 0 0 0/0 18:45 1:59 0:41
Ben Smith 0 0 0 0 0 0 0 0 0 0 0/0 8:16 0:03 0:00
Blake Comeau 0 3 3 2 0 5 1 0 0 2 3/6 21:57 2:43 1:35
Brian Salcido 0 0 0 0 0 0 1 1 0 0 0/0 11:31 0:00 0:44
Carl Gunnarsson 0 1 1 0 0 0 1 0 0 0 0/0 12:23 0:59 0:00
Cody McCormick 0 0 0 0 0 1 1 1 0 0 3/4 8:41 0:00 0:25
Jaime Sifers 0 1 1 4 5 3 1 3 0 1 0/0 22:14 2:00 1:22
Jamie McBain 0 0 0 0 2 2 0 1 0 0 0/0 17:55 1:29 0:42
Jeff Halpern 0 0 0 0 0 0 0 2 0 1 2/3 13:21 0:29 0:00
Jeff May 0 0 0 0 0 0 0 0 0 0 0/0 0:00 0:00 0:00
Jeff Petry 0 0 0 0 0 0 1 0 0 0 0/0 6:19 0:00 0:14
Juraj Mikus 0 0 0 0 0 0 0 0 0 0 0/0 0:00 0:00 0:00
Justin Abdelkader 0 2 2 2 0 2 0 0 0 1 1/1 21:16 2:42 0:52
Marek Zagrapan 0 0 0 0 0 0 0 0 0 0 0/0 0:00 0:00 0:00
Martins Karsums 1 1 2 2 0 3 0 0 0 2 0/0 15:40 1:59 0:00
Noah Welch 0 0 0 4 0 2 2 1 0 2 0/0 25:26 3:29 1:39
Oskars Bartulis 0 0 0 0 0 0 0 0 0 0 0/0 0:00 0:00 0:00
Pierre-Cédric Labrie 0 0 0 0 0 1 1 0 0 0 0/0 12:51 0:00 0:00
Rob Schremp 4 0 4 2 0 8 2 0 1 0 20/38 21:56 2:42 1:35
Robbie Earl 1 0 1 2 0 2 1 0 2 0 1/2 15:48 1:59 0:08
Ryan Carter 0 2 2 2 0 4 1 0 0 0 10/14 16:12 1:57 0:35
Ryan Russell 0 0 0 0 0 0 0 0 0 0 0/0 8:16 0:03 0:00
Ryan Vesce 0 0 0 0 0 0 5 0 0 0 0/0 13:08 0:17 0:00
Timothy Kunes 0 0 0 0 2 0 0 0 0 0 0/0 5:39 0:00 0:00
Zac Dalpe 0 0 0 0 0 0 0 0 0 0 0/0 0:00 0:00 0:00
Players Stats for Saguenéens
Player Name G A P +/- PIM S H SB GA TA FO MP PP MP PK MP
------------------------------------------------------------------------------------
Andreas Johansson 0 1 1 -1 0 2 2 2 0 0 3/3 18:16 1:02 2:18
Brandon Burlon 0 0 0 -1 0 1 1 2 0 0 0/0 18:11 0:25 1:14
Brandon Yip 0 0 0 -1 17 1 0 0 0 1 0/0 12:40 0:51 1:01
Brian Flynn 0 0 0 -1 0 2 2 0 0 0 3/6 14:12 0:00 0:29
David Laliberté 0 0 0 -1 0 2 1 1 0 0 0/0 12:15 0:00 0:00
Dwight King 0 0 0 -1 0 0 2 0 2 0 0/1 16:18 1:02 0:41
Evgeny Dadonov 0 0 0 -2 2 5 1 1 2 1 1/2 20:29 1:25 0:00
Henrik Tallinder 0 0 0 -1 2 5 2 1 2 0 0/0 23:50 1:42 2:01
Jeffrey Foss 0 0 0 -2 0 1 0 3 0 0 0/0 19:42 0:53 1:41
Justin Schultz 0 0 0 -2 0 0 0 2 0 0 0/0 11:34 1:17 1:05
Kris Russell 1 0 1 -1 0 3 2 1 0 0 0/0 30:16 0:53 1:50
Kyle Brodziak 0 0 0 -1 0 6 2 0 2 0 6/18 17:26 0:27 2:36
Luke Witkowski 0 0 0 -1 0 1 0 2 0 0 0/0 16:20 0:00 2:05
Rhett Rakhshani 0 0 0 0 0 1 1 0 0 0 0/0 9:37 0:00 0:00
Tyler Kennedy 1 0 1 -2 0 4 1 0 0 1 12/33 17:39 1:29 0:00
Tyler McNeely 0 0 0 0 0 1 0 0 0 0 0/0 9:37 0:00 0:00
Wayne Primeau 0 0 0 0 0 0 0 3 0 0 2/3 6:59 0:00 0:52
Wayne Simmonds 0 1 1 -2 0 2 2 4 1 0 1/2 19:38 1:29 1:59
3 Stars
1 - Rob Schremp (VJB)
2 - Blake Comeau (VJB)
3 - Martins Karsums (VJB)
Power Play
Influenza - 1 on 3 Attempt(s) - 33,33%
Saguenéens - 1 on 2 Attempt(s) - 50,00%
Penalty Kill
Influenza - 1 on 2 Attempt(s) - 50,00%
- Score 0 goal in Penalty Kill
Saguenéens - 2 on 3 Attempt(s) - 66,67%
- Score 0 goal in Penalty Kill
Official
Referees : O'Rourke Dan and Leggo Mike
Linesman : Scott Cherrey and Michel Cormier
Game Notes
Brandon Yip and Jaime Sifers fight to a draw at 4:39 of 2nd period
Justin Schultz is injured at 7:31 of 2nd period (Upper Body)
Wayne Primeau is injured at 15:13 of 2nd period (Right Eye)
Rob Schremp has scored a Hat Trick!
James Reimer enters game at 3:52 of 3rd period
Finance
Level 1 -- Attendance: 1546 (77,30%) -- Ticket Income 61 840 $
Level 2 -- Attendance: 804 (80,40%) -- Ticket Income 16 080 $
Total Attendance: 2350 (78,33%)
Total Ticket Income: 77 920 $
Other Income: 3 896 $
Total Income: 81 816 $
Influenza
5 vs 5 Forward
Center Left Wing Right Wing Time % Phy DF OF
1 Rob Schremp Justin Abdelkader Blake Comeau 40 1 2 2
2 Ryan Carter Robbie Earl Martins Karsums 30 1 2 2
3 Jeff Halpern Pierre-Cédric Labrie Ryan Vesce 20 1 2 2
4 Cody McCormick Ryan Russell Ben Smith 10 1 2 2
5 vs 5 Defense
Defense Defense Time % Phy DF OF
1 Noah Welch Jaime Sifers 40 1 2 2
2 Jamie McBain Alexander Sulzer 30 1 2 2
3 Carl Gunnarsson Brian Salcido 20 1 2 2
4 Jeff Petry Timothy Kunes 10 1 2 2
PowerPlay Forward
Center Left Wing Right Wing Time % Phy DF OF
1 Rob Schremp Justin Abdelkader Blake Comeau 60 1 2 2
2 Ryan Carter Robbie Earl Martins Karsums 40 1 2 2
PowerPlay Defense
Defense Defense Time % Phy DF OF
1 Noah Welch Jaime Sifers 60 1 2 2
2 Jamie McBain Alexander Sulzer 40 1 2 2
Penalty Kill 4 Players Forward
Center Wing Time % Phy DF OF
1 Blake Comeau Rob Schremp 60 1 2 2
2 Justin Abdelkader Ryan Carter 40 1 2 2
Penalty Kill 4 Players Defense
Defense Defense Time % Phy DF OF
1 Noah Welch Jaime Sifers 60 1 2 2
2 Jamie McBain Alexander Sulzer 40 1 2 2
Penalty Kill - 3 Players Forward
Forward Time % Phy DF OF
1 Blake Comeau 60 1 2 2
2 Rob Schremp 40 1 2 2
Penalty Kill - 3 Players Defense
Defense Defense Time % Phy DF OF
1 Noah Welch Jaime Sifers 60 1 2 2
2 Jamie McBain Alexander Sulzer 40 1 2 2
4 vs 4 Forward
Center Wing Time % Phy DF OF
1 Blake Comeau Rob Schremp 60 1 2 2
2 Justin Abdelkader Ryan Carter 40 1 2 2
4 vs 4 Defense
Defense Defense Time % Phy DF OF
1 Noah Welch Jaime Sifers 60 1 2 2
2 Jamie McBain Alexander Sulzer 40 1 2 2
Last Minutes Offensive
Center Left Wing Right Wing Defense Defense
Rob Schremp Justin Abdelkader Blake Comeau Noah Welch Jaime Sifers
Last Minutes Defensive
Center Left Wing Right Wing Defense Defense
Rob Schremp Justin Abdelkader Blake Comeau Noah Welch Jaime Sifers
Goaltenders
Starting : Brent Krahn
Backup : Alex Stalock
Extra Forwards
Normal : Jeff Halpern, Ryan Vesce, Cody McCormick - PP : Jeff Halpern, Ryan Vesce - PK : Cody McCormick
Extra Defensemen
Normal : Carl Gunnarsson, Brian Salcido, Jeff Petry - PP : Carl Gunnarsson - PK : Brian Salcido, Jeff Petry
Penalty Shots
Blake Comeau, Rob Schremp, Justin Abdelkader, Ryan Carter, Jeff Halpern
Saguenéens
5 vs 5 Forward
Center Left Wing Right Wing Time % Phy DF OF
1 Tyler Kennedy Evgeny Dadonov Wayne Simmonds 35 2 1 2
2 Kyle Brodziak Dwight King Brandon Yip 30 1 1 3
3 Brian Flynn Andreas Johansson David Laliberté 25 1 1 3
4 Wayne Primeau Tyler McNeely Rhett Rakhshani 10 1 2 2
5 vs 5 Defense
Defense Defense Time % Phy DF OF
1 Justin Schultz Henrik Tallinder 34 1 2 2
2 Jeffrey Foss Kris Russell 34 1 2 2
3 Brandon Burlon Luke Witkowski 22 1 2 2
4 Justin Schultz Kris Russell 10 0 2 3
PowerPlay Forward
Center Left Wing Right Wing Time % Phy DF OF
1 Tyler Kennedy Evgeny Dadonov Wayne Simmonds 60 0 1 4
2 Andreas Johansson Dwight King Brandon Yip 40 0 1 4
PowerPlay Defense
Defense Defense Time % Phy DF OF
1 Justin Schultz Henrik Tallinder 60 0 2 3
2 Jeffrey Foss Kris Russell 40 0 2 3
Penalty Kill 4 Players Forward
Center Wing Time % Phy DF OF
1 Kyle Brodziak Andreas Johansson 50 1 3 1
2 Wayne Primeau Wayne Simmonds 50 1 3 1
Penalty Kill 4 Players Defense
Defense Defense Time % Phy DF OF
1 Justin Schultz Henrik Tallinder 50 1 3 1
2 Luke Witkowski Kris Russell 50 1 3 1
Penalty Kill - 3 Players Forward
Forward Time % Phy DF OF
1 Andreas Johansson 50 1 3 1
2 Wayne Primeau 50 1 3 1
Penalty Kill - 3 Players Defense
Defense Defense Time % Phy DF OF
1 Justin Schultz Henrik Tallinder 50 1 3 1
2 Kris Russell Luke Witkowski 50 1 3 1
4 vs 4 Forward
Center Wing Time % Phy DF OF
1 Andreas Johansson Brandon Yip 50 1 1 3
2 Tyler Kennedy Evgeny Dadonov 50 1 2 2
4 vs 4 Defense
Defense Defense Time % Phy DF OF
1 Justin Schultz Henrik Tallinder 50 1 2 2
2 Jeffrey Foss Kris Russell 50 1 2 2
Last Minutes Offensive
Center Left Wing Right Wing Defense Defense
Tyler Kennedy Evgeny Dadonov Brandon Yip Henrik Tallinder Justin Schultz
Last Minutes Defensive
Center Left Wing Right Wing Defense Defense
Wayne Primeau Andreas Johansson Wayne Simmonds Henrik Tallinder Kris Russell
Goaltenders
Starting : Harru Sateri
Backup : James Reimer
Extra Forwards
Normal : Andreas Johansson, Wayne Primeau, Evgeny Dadonov - PP : Kyle Brodziak, Andreas Johansson - PK : Brandon Yip
Extra Defensemen
Normal : Kris Russell, Henrik Tallinder, Justin Schultz - PP : Brandon Burlon - PK : Jeffrey Foss, Brandon Burlon
Penalty Shots
Evgeny Dadonov, Tyler Kennedy, Andreas Johansson, Brandon Yip, Dwight King
% Time on Ice - Influenza
Lines # - Real PCT - Wanted PCT - Time Play
Normal Forward
1 - 34% - 40% - 17:42
2 - 26% - 30% - 13:41
3 - 24% - 20% - 12:51
4 - 16% - 10% - 8:13
Normal Defense
1 - 40% - 40% - 20:46
2 - 30% - 30% - 15:45
3 - 20% - 20% - 10:19
4 - 11% - 10% - 5:37
PP Forward
1 - 60% - 60% - 2:59
2 - 40% - 40% - 1:59
PP Defense
1 - 70% - 60% - 3:29
2 - 30% - 40% - 1:29
PK Forward
1 - 77% - 60% - 2:00
2 - 23% - 40% - 0:35
PK Defense
1 - 68% - 60% - 1:46
2 - 32% - 40% - 0:49
PK3 Forward
1 - 0% - 60%
2 - 0% - 40%
PK3 Defense
1 - 0% - 60%
2 - 0% - 40%
44 Forward
1 - 0% - 60%
2 - 0% - 40%
44 Defense
1 - 0% - 60%
2 - 0% - 40%
Last Minute Offensive - 0:00
Last Minute Defensive - 0:00
Total
Forward - 60:00
Defense - 60:00
|
% Time on Ice - Saguenéens
Lines # - Real PCT - Wanted PCT - Time Play
Normal Forward
1 - 31% - 35% - 16:10
2 - 28% - 30% - 14:46
3 - 23% - 25% - 11:54
4 - 18% - 10% - 9:37
Normal Defense
1 - 36% - 34% - 18:38
2 - 32% - 34% - 16:52
3 - 24% - 22% - 12:29
4 - 9% - 10% - 4:28
PP Forward
1 - 60% - 60% - 1:33
2 - 40% - 40% - 1:02
PP Defense
1 - 66% - 60% - 1:42
2 - 34% - 40% - 0:53
PK Forward
1 - 36% - 50% - 1:48
2 - 64% - 50% - 3:10
PK Defense
1 - 65% - 50% - 3:15
2 - 35% - 50% - 1:43
PK3 Forward
1 - 0% - 50%
2 - 0% - 50%
PK3 Defense
1 - 0% - 50%
2 - 0% - 50%
44 Forward
1 - 0% - 50%
2 - 0% - 50%
44 Defense
1 - 0% - 50%
2 - 0% - 50%
Last Minute Offensive - 0:00
Last Minute Defensive - 0:00
Total
Forward - 60:00
Defense - 60:00
|
Play by Play
1st period
0:01 of 1st period - Rob Schremp wins face-off versus Tyler Kennedy in neutral zone.
0:08 of 1st period - Slapshot by Rob Schremp.
0:08 of 1st period - Goal by Rob Schremp - Influenza : 1 - Saguenéens : 0.
0:09 of 1st period - Ryan Carter wins face-off versus Kyle Brodziak in neutral zone.
0:39 of 1st period - Icing by Jeff Halpern.
0:40 of 1st period - Jeff Halpern wins face-off versus Tyler Kennedy in Influenza zone.
1:12 of 1st period - Wrist shot by Rhett Rakhshani.
1:12 of 1st period - Shot Blocked by Jamie McBain.
1:14 of 1st period - Snap shot by Wayne Primeau.
1:14 of 1st period - Shot Misses the Net.
1:16 of 1st period - Wrist shot by Wayne Primeau.
1:16 of 1st period - Shot Misses the Net.
1:58 of 1st period - Snap shot by Martins Karsums.
1:58 of 1st period - Shot Misses the Net.
2:12 of 1st period - Jamie McBain is hit by Wayne Simmonds and loses puck.
2:29 of 1st period - Slapshot by Jamie McBain.
2:29 of 1st period - Shot Blocked by Kris Russell.
2:33 of 1st period - Snap shot by Jeff Halpern.
2:33 of 1st period - Shot Blocked by Wayne Primeau.
3:13 of 1st period - Snap shot by Kyle Brodziak.
3:13 of 1st period - Stopped by Brent Krahn with a rebound.
3:15 of 1st period - Snap shot by Dwight King.
3:15 of 1st period - Shot Blocked by Alexander Sulzer.
3:58 of 1st period - Wrist shot by Jeff Halpern.
3:58 of 1st period - Shot Misses the Net.
4:00 of 1st period - Slapshot by Pierre-Cédric Labrie.
4:00 of 1st period - Stopped by Harru Sateri with a rebound.
4:42 of 1st period - Wrist shot by Martins Karsums.
4:42 of 1st period - Goal by Martins Karsums - Influenza : 2 - Saguenéens : 0.
4:43 of 1st period - Rob Schremp wins face-off versus Tyler Kennedy in neutral zone.
4:52 of 1st period - Wrist shot by Rob Schremp.
4:52 of 1st period - Shot Misses the Net.
4:56 of 1st period - Wrist shot by Rob Schremp.
4:56 of 1st period - Stopped by Harru Sateri with a rebound.
4:58 of 1st period - Slapshot by Jaime Sifers.
4:58 of 1st period - Shot Blocked by Wayne Simmonds.
6:16 of 1st period - Wrist shot by Ryan Russell.
6:16 of 1st period - Shot Misses the Net.
6:18 of 1st period - Wrist shot by Cody McCormick.
6:18 of 1st period - Stopped by Harru Sateri with a rebound.
6:36 of 1st period - Snap shot by Brandon Yip.
6:36 of 1st period - Deflect By Kyle Brodziak.
6:36 of 1st period - Stopped by Brent Krahn without a rebound.
6:37 of 1st period - Rob Schremp wins face-off versus Kyle Brodziak in Influenza zone.
6:39 of 1st period - Minor Penalty to Timothy Kunes for Interference.
6:40 of 1st period - Blake Comeau wins face-off versus Tyler Kennedy in Influenza zone.
6:45 of 1st period - Icing by Justin Schultz.
6:46 of 1st period - Tyler Kennedy wins face-off versus Blake Comeau in Saguenéens zone.
8:04 of 1st period - Kris Russell is hit by Noah Welch and loses puck.
8:39 of 1st period - Penalty to Timothy Kunes is over, Timothy Kunes is back on ice.
9:18 of 1st period - David Laliberté is hit by Ryan Vesce and loses puck.
9:27 of 1st period - Snap shot by Jeff Halpern.
9:27 of 1st period - Shot Misses the Net.
9:29 of 1st period - Backhand shot by Jaime Sifers.
9:29 of 1st period - Shot Blocked by Brandon Burlon.
9:31 of 1st period - Slapshot by Jaime Sifers.
9:31 of 1st period - Shot Blocked by David Laliberté.
9:43 of 1st period - Snap shot by Ryan Vesce.
9:43 of 1st period - Shot Misses the Net.
9:53 of 1st period - Brandon Burlon is hit by Ryan Vesce and loses puck.
10:34 of 1st period - Snap shot by Brian Flynn.
10:34 of 1st period - Stopped by Brent Krahn with a rebound.
10:36 of 1st period - Wrist shot by David Laliberté.
10:36 of 1st period - Stopped by Brent Krahn with a rebound.
10:38 of 1st period - Slapshot by Luke Witkowski.
10:38 of 1st period - Stopped by Brent Krahn with a rebound.
10:42 of 1st period - Snap shot by Brian Flynn.
10:42 of 1st period - Shot Misses the Net.
11:06 of 1st period - Slapshot by Ryan Vesce.
11:06 of 1st period - Shot Misses the Net.
11:33 of 1st period - Wrist shot by Andreas Johansson.
11:33 of 1st period - Deflect By David Laliberté.
11:33 of 1st period - Shot Blocked by Jeff Halpern.
11:33 of 1st period - Puck is out of play.
11:34 of 1st period - Tyler Kennedy wins face-off versus Rob Schremp in Influenza zone.
11:47 of 1st period - Snap shot by Blake Comeau.
11:47 of 1st period - Shot Misses the Net.
12:27 of 1st period - Slapshot by Henrik Tallinder.
12:27 of 1st period - Shot Blocked by Brian Salcido.
12:29 of 1st period - Wrist shot by Tyler McNeely.
12:29 of 1st period - Stopped by Brent Krahn with a rebound.
12:31 of 1st period - Snap shot by Rhett Rakhshani.
12:31 of 1st period - Stopped by Brent Krahn without a rebound.
12:32 of 1st period - Rob Schremp wins face-off versus Kyle Brodziak in Influenza zone.
12:47 of 1st period - Slapshot by Rob Schremp.
12:47 of 1st period - Stopped by Harru Sateri without a rebound.
12:48 of 1st period - Ryan Carter wins face-off versus Tyler Kennedy in Saguenéens zone.
14:05 of 1st period - Icing by Kris Russell.
14:06 of 1st period - Wayne Primeau wins face-off versus Robbie Earl in Saguenéens zone.
14:38 of 1st period - Slapshot by Blake Comeau.
14:38 of 1st period - Stopped by Harru Sateri with a rebound.
14:45 of 1st period - Icing by Kris Russell.
14:46 of 1st period - Cody McCormick wins face-off versus Wayne Primeau in Saguenéens zone.
14:47 of 1st period - Slapshot by Noah Welch.
14:47 of 1st period - Stopped by Harru Sateri without a rebound.
14:48 of 1st period - Ryan Carter wins face-off versus Tyler Kennedy in Saguenéens zone.
15:13 of 1st period - Rob Schremp is hit by Dwight King.
15:54 of 1st period - Slapshot by Rob Schremp.
15:54 of 1st period - Goal by Rob Schremp - Influenza : 3 - Saguenéens : 0.
15:55 of 1st period - Ryan Carter wins face-off versus Tyler Kennedy in neutral zone.
16:46 of 1st period - Icing by Carl Gunnarsson.
16:47 of 1st period - Brian Flynn wins face-off versus Rob Schremp in Influenza zone.
17:02 of 1st period - Slapshot by Justin Abdelkader.
17:02 of 1st period - Shot Blocked by Andreas Johansson.
17:24 of 1st period - Wrist shot by Martins Karsums.
17:24 of 1st period - Stopped by Harru Sateri without a rebound.
17:25 of 1st period - Kyle Brodziak wins face-off versus Rob Schremp in Saguenéens zone.
17:33 of 1st period - Off-side.
17:34 of 1st period - Rob Schremp wins face-off versus Kyle Brodziak in neutral zone.
17:41 of 1st period - Slapshot by Justin Abdelkader.
17:41 of 1st period - Deflect By Henrik Tallinder.
17:41 of 1st period - Shot Blocked by Justin Schultz.
17:41 of 1st period - Puck is out of play.
17:42 of 1st period - Rob Schremp wins face-off versus Tyler Kennedy in Saguenéens zone.
18:16 of 1st period - Snap shot by Kyle Brodziak.
18:16 of 1st period - Shot Misses the Net.
18:18 of 1st period - Snap shot by Kyle Brodziak.
18:18 of 1st period - Shot Blocked by Alexander Sulzer.
18:35 of 1st period - Slapshot by Henrik Tallinder.
18:35 of 1st period - Shot Blocked by Cody McCormick.
19:18 of 1st period - Snap shot by Tyler Kennedy.
19:18 of 1st period - Stopped by Brent Krahn with a rebound.
19:20 of 1st period - Snap shot by Evgeny Dadonov.
19:20 of 1st period - Stopped by Brent Krahn with a rebound.
19:22 of 1st period - Slapshot by Henrik Tallinder.
19:22 of 1st period - Stopped by Brent Krahn without a rebound.
19:23 of 1st period - Ryan Carter wins face-off versus Tyler Kennedy in Influenza zone.
19:30 of 1st period - Wrist shot by Martins Karsums.
19:30 of 1st period - Deflect By Robbie Earl.
19:30 of 1st period - Goal by Robbie Earl - Influenza : 4 - Saguenéens : 0.
19:31 of 1st period - Tyler Kennedy wins face-off versus Rob Schremp in neutral zone.
19:34 of 1st period - Snap shot by Evgeny Dadonov.
19:34 of 1st period - Shot Blocked by Jaime Sifers.
19:46 of 1st period - Slapshot by Jaime Sifers.
19:46 of 1st period - Stopped by Harru Sateri without a rebound.
19:47 of 1st period - Ryan Carter wins face-off versus Kyle Brodziak in Saguenéens zone.
19:50 of 1st period - Snap shot by Ryan Carter.
19:50 of 1st period - Shot Misses the Net.
Goals for this period are 4 for Influenza vs 0 for Saguenéens.
Shots for this period are 12 for Influenza vs 10 for Saguenéens.
2nd period
0:01 of 2nd period - Tyler Kennedy wins face-off versus Rob Schremp in neutral zone.
1:16 of 2nd period - Slapshot by Justin Abdelkader.
1:16 of 2nd period - Stopped by Harru Sateri without a rebound.
1:17 of 2nd period - Wayne Simmonds wins face-off versus Ryan Carter in Saguenéens zone.
1:30 of 2nd period - Wrist shot by Evgeny Dadonov.
1:30 of 2nd period - Stopped by Brent Krahn without a rebound.
1:31 of 2nd period - Rob Schremp wins face-off versus Kyle Brodziak in Influenza zone.
1:59 of 2nd period - Off-side.
2:00 of 2nd period - Tyler Kennedy wins face-off versus Ryan Carter in neutral zone.
2:05 of 2nd period - Snap shot by Tyler Kennedy.
2:05 of 2nd period - Stopped by Brent Krahn with a rebound.
2:22 of 2nd period - Slapshot by Martins Karsums.
2:22 of 2nd period - Shot Blocked by Wayne Simmonds.
2:24 of 2nd period - Slapshot by Noah Welch.
2:24 of 2nd period - Shot Blocked by Jeffrey Foss.
2:26 of 2nd period - Snap shot by Martins Karsums.
2:26 of 2nd period - Shot Blocked by Wayne Simmonds.
2:48 of 2nd period - Snap shot by Ryan Carter.
2:48 of 2nd period - Shot Blocked by Jeffrey Foss.
2:50 of 2nd period - Wrist shot by Ryan Carter.
2:50 of 2nd period - Stopped by Harru Sateri with a rebound.
2:52 of 2nd period - Snap shot by Martins Karsums.
2:52 of 2nd period - Shot Misses the Net.
2:54 of 2nd period - Snap shot by Robbie Earl.
2:54 of 2nd period - Shot Misses the Net.
2:56 of 2nd period - Snap shot by Ryan Carter.
2:56 of 2nd period - Stopped by Harru Sateri with a rebound.
2:58 of 2nd period - Slapshot by Robbie Earl.
2:58 of 2nd period - Stopped by Harru Sateri without a rebound.
2:59 of 2nd period - Kyle Brodziak wins face-off versus Rob Schremp in Saguenéens zone.
3:10 of 2nd period - Henrik Tallinder is hit by Rob Schremp and loses puck.
3:25 of 2nd period - Henrik Tallinder is hit by Jaime Sifers and loses puck.
4:19 of 2nd period - Carl Gunnarsson is hit by Brian Flynn and loses puck.
4:33 of 2nd period - Off-side.
4:34 of 2nd period - Kyle Brodziak wins face-off versus Cody McCormick in neutral zone.
4:37 of 2nd period - Snap shot by Dwight King.
4:37 of 2nd period - Shot Misses the Net.
4:39 of 2nd period - Snap shot by Jeffrey Foss.
4:39 of 2nd period - Stopped by Brent Krahn without a rebound.
4:39 of 2nd period - Brandon Yip and Jaime Sifers fight to a draw.
4:39 of 2nd period - Penalty to Brandon Yip for Fighting.
4:39 of 2nd period - Penalty to Jaime Sifers for Fighting.
4:39 of 2nd period - Penalty to Brandon Yip for instigated a fight.
4:39 of 2nd period - Penalty to Brandon Yip for instigated a fight.
4:40 of 2nd period - Kyle Brodziak wins face-off versus Rob Schremp in Influenza zone.
4:43 of 2nd period - Snap shot by Kyle Brodziak.
4:43 of 2nd period - Stopped by Brent Krahn with a rebound.
5:47 of 2nd period - Kris Russell is hit by Ryan Carter.
6:39 of 2nd period - Penalty to Brandon Yip is over, David Laliberté is send on ice.
7:22 of 2nd period - Wayne Primeau is hit by Carl Gunnarsson and loses puck.
7:31 of 2nd period - Slapshot by Jeff Halpern.
7:31 of 2nd period - Shot Blocked by Justin Schultz.
7:31 of 2nd period - Justin Schultz from Saguenéens is injured at 7:31 of 2nd period (Upper Body).
7:32 of 2nd period - Tyler Kennedy wins face-off versus Rob Schremp in Saguenéens zone.
7:43 of 2nd period - Jeffrey Foss is hit by Rob Schremp and loses puck.
7:58 of 2nd period - Martins Karsums is hit by Kris Russell and loses puck.
9:03 of 2nd period - Wrist shot by Andreas Johansson.
9:03 of 2nd period - Deflect By Kyle Brodziak.
9:03 of 2nd period - Stopped by Brent Krahn with a rebound.
9:21 of 2nd period - Minor Penalty to Jamie McBain for Tripping.
9:22 of 2nd period - Evgeny Dadonov wins face-off versus Blake Comeau in Influenza zone.
9:22 of 2nd period - Wrist shot by Tyler Kennedy.
9:22 of 2nd period - Stopped by Brent Krahn without a rebound.
9:23 of 2nd period - Blake Comeau wins face-off versus Tyler Kennedy in Influenza zone.
9:34 of 2nd period - Henrik Tallinder is hit by Noah Welch and loses puck.
9:39 of 2nd period - Penalty to Jaime Sifers is over, Jaime Sifers is back on ice.
9:57 of 2nd period - Slapshot by Kris Russell.
9:57 of 2nd period - Goal by Kris Russell - Influenza : 4 - Saguenéens : 1.
9:58 of 2nd period - Rob Schremp wins face-off versus Tyler Kennedy in neutral zone.
10:00 of 2nd period - Off-side.
10:01 of 2nd period - Rob Schremp wins face-off versus Wayne Simmonds in neutral zone.
10:14 of 2nd period - Snap shot by Blake Comeau.
10:14 of 2nd period - Stopped by Harru Sateri without a rebound.
10:15 of 2nd period - Rob Schremp wins face-off versus Kyle Brodziak in Saguenéens zone.
10:26 of 2nd period - Wrist shot by Rob Schremp.
10:26 of 2nd period - Stopped by Harru Sateri with a rebound.
10:28 of 2nd period - Wrist shot by Blake Comeau.
10:28 of 2nd period - Deflect By Kris Russell.
10:28 of 2nd period - Shot Blocked by Andreas Johansson.
10:28 of 2nd period - Puck is out of play.
10:29 of 2nd period - Rob Schremp wins face-off versus Tyler Kennedy in Saguenéens zone.
11:23 of 2nd period - Snap shot by Jamie McBain.
11:23 of 2nd period - Shot Blocked by Wayne Primeau.
11:25 of 2nd period - Snap shot by Alexander Sulzer.
11:25 of 2nd period - Shot Blocked by Luke Witkowski.
11:46 of 2nd period - Ben Smith is hit by Andreas Johansson and loses puck.
12:56 of 2nd period - Snap shot by Jeff Halpern.
12:56 of 2nd period - Shot Blocked by Wayne Simmonds.
13:42 of 2nd period - Slapshot by Ryan Carter.
13:42 of 2nd period - Stopped by Harru Sateri without a rebound.
13:43 of 2nd period - Rob Schremp wins face-off versus Brian Flynn in Saguenéens zone.
13:44 of 2nd period - Wrist shot by Justin Abdelkader.
13:44 of 2nd period - Deflect By Andreas Johansson.
13:44 of 2nd period - Shot Blocked by Henrik Tallinder.
13:44 of 2nd period - Puck is out of play.
13:45 of 2nd period - Brian Flynn wins face-off versus Blake Comeau in Saguenéens zone.
13:58 of 2nd period - Jaime Sifers is hit by Andreas Johansson and loses puck.
14:23 of 2nd period - Tyler Kennedy is hit by Robbie Earl and loses puck.
14:39 of 2nd period - 10 Minutes Game Misconduct Penalty to Brandon Yip is over.
14:47 of 2nd period - Icing by Jeff Halpern.
14:48 of 2nd period - Wayne Primeau wins face-off versus Jeff Halpern in Influenza zone.
15:05 of 2nd period - Slapshot by Ryan Vesce.
15:05 of 2nd period - Shot Misses the Net.
15:07 of 2nd period - Slapshot by Alexander Sulzer.
15:07 of 2nd period - Stopped by Harru Sateri with a rebound.
15:09 of 2nd period - Backhand shot by Ryan Vesce.
15:09 of 2nd period - Shot Misses the Net.
15:11 of 2nd period - Wrist shot by Jeff Halpern.
15:11 of 2nd period - Shot Misses the Net.
15:13 of 2nd period - Snap shot by Jamie McBain.
15:13 of 2nd period - Shot Blocked by Wayne Primeau.
15:13 of 2nd period - Wayne Primeau from Saguenéens is injured at 15:13 of 2nd period (Right Eye).
15:14 of 2nd period - Rob Schremp wins face-off versus Tyler Kennedy in Saguenéens zone.
17:31 of 2nd period - Slapshot by Andreas Johansson.
17:31 of 2nd period - Stopped by Brent Krahn with a rebound.
17:33 of 2nd period - Wrist shot by Henrik Tallinder.
17:33 of 2nd period - Stopped by Brent Krahn without a rebound.
17:34 of 2nd period - Andreas Johansson wins face-off versus Rob Schremp in Influenza zone.
17:39 of 2nd period - Snap shot by Rhett Rakhshani.
17:39 of 2nd period - Shot Misses the Net.
17:41 of 2nd period - Slapshot by Brandon Burlon.
17:41 of 2nd period - Shot Misses the Net.
17:43 of 2nd period - Wrist shot by Andreas Johansson.
17:43 of 2nd period - Stopped by Brent Krahn with a rebound.
17:45 of 2nd period - Slapshot by Brandon Burlon.
17:45 of 2nd period - Stopped by Brent Krahn without a rebound.
17:46 of 2nd period - Tyler Kennedy wins face-off versus Rob Schremp in Influenza zone.
17:49 of 2nd period - Snap shot by Evgeny Dadonov.
17:49 of 2nd period - Shot Misses the Net.
18:13 of 2nd period - Slapshot by Henrik Tallinder.
18:13 of 2nd period - Stopped by Brent Krahn without a rebound.
18:14 of 2nd period - Ryan Carter wins face-off versus Dwight King in Influenza zone.
18:41 of 2nd period - Jaime Sifers is hit by Henrik Tallinder and loses puck.
19:09 of 2nd period - Slapshot by David Laliberté.
19:09 of 2nd period - Stopped by Brent Krahn with a rebound.
19:11 of 2nd period - Backhand shot by Kris Russell.
19:11 of 2nd period - Stopped by Brent Krahn with a rebound.
19:27 of 2nd period - Luke Witkowski is hit by Brian Salcido and loses puck.
19:33 of 2nd period - Off-side.
19:34 of 2nd period - Tyler Kennedy wins face-off versus Rob Schremp in neutral zone.
19:37 of 2nd period - Snap shot by Evgeny Dadonov.
19:37 of 2nd period - Stopped by Brent Krahn without a rebound.
19:38 of 2nd period - Tyler Kennedy wins face-off versus Rob Schremp in Influenza zone.
Goals for this period are 0 for Influenza vs 1 for Saguenéens.
Shots for this period are 8 for Influenza vs 15 for Saguenéens.
3rd period
0:01 of 3rd period - Rob Schremp wins face-off versus Tyler Kennedy in neutral zone.
0:40 of 3rd period - Off-side.
0:41 of 3rd period - Jeff Halpern wins face-off versus Brian Flynn in neutral zone.
0:46 of 3rd period - Snap shot by Ryan Vesce.
0:46 of 3rd period - Shot Misses the Net.
1:13 of 3rd period - Slapshot by Tyler Kennedy.
1:13 of 3rd period - Goal by Tyler Kennedy - Influenza : 4 - Saguenéens : 2.
1:14 of 3rd period - Tyler Kennedy wins face-off versus Rob Schremp in neutral zone.
1:20 of 3rd period - Off-side.
1:21 of 3rd period - Rob Schremp wins face-off versus Tyler Kennedy in neutral zone.
1:28 of 3rd period - Slapshot by Justin Abdelkader.
1:28 of 3rd period - Shot Misses the Net.
1:30 of 3rd period - Wrist shot by Justin Abdelkader.
1:30 of 3rd period - Stopped by Harru Sateri without a rebound.
1:31 of 3rd period - Rob Schremp wins face-off versus Tyler Kennedy in Saguenéens zone.
2:24 of 3rd period - Brandon Burlon is hit by Ryan Vesce.
2:30 of 3rd period - Wrist shot by Ryan Vesce.
2:30 of 3rd period - Shot Misses the Net.
2:42 of 3rd period - Ben Smith is hit by Henrik Tallinder.
2:46 of 3rd period - Ben Smith is hit by Rhett Rakhshani and loses puck.
2:52 of 3rd period - Minor Penalty to Henrik Tallinder for Interference.
2:53 of 3rd period - Rob Schremp wins face-off versus Kyle Brodziak in Saguenéens zone.
2:55 of 3rd period - Snap shot by Rob Schremp.
2:55 of 3rd period - Shot Misses the Net.
2:57 of 3rd period - Snap shot by Blake Comeau.
2:57 of 3rd period - Stopped by Harru Sateri without a rebound.
2:58 of 3rd period - Justin Abdelkader wins face-off versus Kyle Brodziak in Saguenéens zone.
3:28 of 3rd period - Slapshot by Jaime Sifers.
3:28 of 3rd period - Shot Misses the Net.
3:30 of 3rd period - Wrist shot by Blake Comeau.
3:30 of 3rd period - Stopped by Harru Sateri with a rebound.
3:52 of 3rd period - Wrist shot by Rob Schremp.
3:52 of 3rd period - Goal by Rob Schremp - Influenza : 5 - Saguenéens : 2.
3:52 of 3rd period - James Reimer enters game.
3:53 of 3rd period - Kyle Brodziak wins face-off versus Ryan Carter in neutral zone.
3:56 of 3rd period - Jamie McBain is hit by Kyle Brodziak and loses puck.
4:19 of 3rd period - Jamie McBain is hit by Evgeny Dadonov and loses puck.
4:24 of 3rd period - Snap shot by Wayne Simmonds.
4:24 of 3rd period - Stopped by Brent Krahn with a rebound.
5:18 of 3rd period - Justin Abdelkader is hit by Kyle Brodziak and loses puck.
5:27 of 3rd period - Wrist shot by Kyle Brodziak.
5:27 of 3rd period - Stopped by Brent Krahn without a rebound.
5:28 of 3rd period - Ryan Carter wins face-off versus Brian Flynn in Influenza zone.
5:43 of 3rd period - Wrist shot by Brian Flynn.
5:43 of 3rd period - Stopped by Brent Krahn without a rebound.
5:44 of 3rd period - Tyler Kennedy wins face-off versus Rob Schremp in Influenza zone.
6:54 of 3rd period - Brandon Burlon is hit by Jeff Petry and loses puck.
7:06 of 3rd period - Off-side.
7:07 of 3rd period - Kyle Brodziak wins face-off versus Rob Schremp in neutral zone.
7:14 of 3rd period - Wrist shot by Brandon Yip.
7:14 of 3rd period - Stopped by Brent Krahn without a rebound.
7:15 of 3rd period - Tyler Kennedy wins face-off versus Rob Schremp in Influenza zone.
7:40 of 3rd period - Snap shot by Martins Karsums.
7:40 of 3rd period - Stopped by James Reimer without a rebound.
7:41 of 3rd period - Robbie Earl wins face-off versus Kyle Brodziak in Saguenéens zone.
8:06 of 3rd period - Dwight King is hit by Ryan Vesce and loses puck.
8:15 of 3rd period - Pierre-Cédric Labrie is hit by Kris Russell and loses puck.
8:34 of 3rd period - Slapshot by Noah Welch.
8:34 of 3rd period - Shot Misses the Net.
8:36 of 3rd period - Slapshot by Noah Welch.
8:36 of 3rd period - Stopped by James Reimer without a rebound.
8:37 of 3rd period - Cody McCormick wins face-off versus Tyler Kennedy in Saguenéens zone.
8:46 of 3rd period - Wrist shot by Evgeny Dadonov.
8:46 of 3rd period - Stopped by Brent Krahn without a rebound.
8:47 of 3rd period - Rob Schremp wins face-off versus Evgeny Dadonov in Influenza zone.
8:47 of 3rd period - Rob Schremp is hit by Wayne Simmonds.
9:04 of 3rd period - Wrist shot by Tyler Kennedy.
9:04 of 3rd period - Shot Misses the Net.
9:06 of 3rd period - Snap shot by Wayne Simmonds.
9:06 of 3rd period - Stopped by Brent Krahn with a rebound.
9:08 of 3rd period - Slapshot by Henrik Tallinder.
9:08 of 3rd period - Stopped by Brent Krahn with a rebound.
9:10 of 3rd period - Slapshot by Henrik Tallinder.
9:10 of 3rd period - Stopped by Brent Krahn with a rebound.
9:14 of 3rd period - Wrist shot by Tyler Kennedy.
9:14 of 3rd period - Shot Blocked by Jaime Sifers.
9:16 of 3rd period - Snap shot by Wayne Simmonds.
9:16 of 3rd period - Shot Misses the Net.
9:18 of 3rd period - Snap shot by Evgeny Dadonov.
9:18 of 3rd period - Stopped by Brent Krahn with a rebound.
9:20 of 3rd period - Slapshot by Tyler Kennedy.
9:20 of 3rd period - Shot Misses the Net.
9:22 of 3rd period - Slapshot by Kris Russell.
9:22 of 3rd period - Shot Misses the Net.
9:24 of 3rd period - Slapshot by Kris Russell.
9:24 of 3rd period - Stopped by Brent Krahn with a rebound.
9:26 of 3rd period - Wrist shot by Evgeny Dadonov.
9:26 of 3rd period - Shot Blocked by Noah Welch.
9:43 of 3rd period - Minor Penalty to Evgeny Dadonov for Hooking.
9:44 of 3rd period - Ryan Carter wins face-off versus Kyle Brodziak in Saguenéens zone.
9:58 of 3rd period - Slapshot by Jamie McBain.
9:58 of 3rd period - Shot Misses the Net.
10:00 of 3rd period - Backhand shot by Alexander Sulzer.
10:00 of 3rd period - Stopped by James Reimer with a rebound.
11:43 of 3rd period - Penalty to Evgeny Dadonov is over, Evgeny Dadonov is back on ice.
11:46 of 3rd period - Wrist shot by Ryan Russell.
11:46 of 3rd period - Shot Misses the Net.
12:11 of 3rd period - Jeff Halpern is hit by Brian Flynn and loses puck.
12:20 of 3rd period - Pierre-Cédric Labrie is hit by Brandon Burlon.
12:40 of 3rd period - Snap shot by Ryan Vesce.
12:40 of 3rd period - Shot Blocked by Evgeny Dadonov.
12:42 of 3rd period - Wrist shot by Pierre-Cédric Labrie.
12:42 of 3rd period - Shot Misses the Net.
13:10 of 3rd period - Slapshot by Jamie McBain.
13:10 of 3rd period - Stopped by James Reimer without a rebound.
13:11 of 3rd period - Andreas Johansson wins face-off versus Rob Schremp in Saguenéens zone.
13:24 of 3rd period - Slapshot by Blake Comeau.
13:24 of 3rd period - Stopped by James Reimer with a rebound.
13:26 of 3rd period - Snap shot by Justin Abdelkader.
13:26 of 3rd period - Shot Misses the Net.
13:47 of 3rd period - Off-side.
13:48 of 3rd period - Cody McCormick wins face-off versus Tyler Kennedy in neutral zone.
13:55 of 3rd period - Slapshot by Jamie McBain.
13:55 of 3rd period - Stopped by James Reimer without a rebound.
13:56 of 3rd period - Andreas Johansson wins face-off versus Rob Schremp in Saguenéens zone.
13:56 of 3rd period - Andreas Johansson is hit by Alexander Sulzer.
14:54 of 3rd period - Wrist shot by Andreas Johansson.
14:54 of 3rd period - Shot Blocked by Jaime Sifers.
14:56 of 3rd period - Wrist shot by Andreas Johansson.
14:56 of 3rd period - Shot Blocked by Jeff Halpern.
14:58 of 3rd period - Slapshot by Brandon Burlon.
14:58 of 3rd period - Shot Misses the Net.
16:05 of 3rd period - Jamie McBain is hit by Tyler Kennedy.
16:19 of 3rd period - Slapshot by Ryan Carter.
16:19 of 3rd period - Stopped by James Reimer without a rebound.
16:20 of 3rd period - Ryan Carter wins face-off versus Kyle Brodziak in Saguenéens zone.
16:35 of 3rd period - Ryan Carter is hit by David Laliberté and loses puck.
16:42 of 3rd period - Backhand shot by Ryan Carter.
16:42 of 3rd period - Deflect By Andreas Johansson.
16:42 of 3rd period - Shot Misses the Net.
16:42 of 3rd period - Puck is out of play.
16:43 of 3rd period - Rob Schremp wins face-off versus Tyler Kennedy in Saguenéens zone.
16:46 of 3rd period - Wrist shot by Rob Schremp.
16:46 of 3rd period - Stopped by James Reimer with a rebound.
16:48 of 3rd period - Wrist shot by Rob Schremp.
16:48 of 3rd period - Shot Blocked by Luke Witkowski.
16:50 of 3rd period - Wrist shot by Blake Comeau.
16:50 of 3rd period - Shot Misses the Net.
16:52 of 3rd period - Wrist shot by Rob Schremp.
16:52 of 3rd period - Shot Blocked by Brandon Burlon.
16:54 of 3rd period - Slapshot by Jaime Sifers.
16:54 of 3rd period - Deflect By Wayne Simmonds.
16:54 of 3rd period - Stopped by James Reimer with a rebound.
16:56 of 3rd period - Slapshot by Jaime Sifers.
16:56 of 3rd period - Stopped by James Reimer without a rebound.
16:57 of 3rd period - Brian Flynn wins face-off versus Ryan Carter in Saguenéens zone.
17:13 of 3rd period - Backhand shot by Ryan Carter.
17:13 of 3rd period - Deflect By Robbie Earl.
17:13 of 3rd period - Shot Blocked by Jeffrey Foss.
17:13 of 3rd period - Puck is out of play.
17:14 of 3rd period - Blake Comeau wins face-off versus Tyler Kennedy in Saguenéens zone.
17:15 of 3rd period - Wrist shot by Rob Schremp.
17:15 of 3rd period - Goal by Rob Schremp - Influenza : 6 - Saguenéens : 2.
17:16 of 3rd period - Rob Schremp wins face-off versus Tyler Kennedy in neutral zone.
17:43 of 3rd period - Ryan Carter is hit by Dwight King and loses puck.
18:04 of 3rd period - Snap shot by David Laliberté.
18:04 of 3rd period - Shot Blocked by Alexander Sulzer.
18:10 of 3rd period - Brian Flynn is hit by Ryan Vesce and loses puck.
18:23 of 3rd period - Rhett Rakhshani is hit by Blake Comeau and loses puck.
18:42 of 3rd period - Wrist shot by Kyle Brodziak.
18:42 of 3rd period - Stopped by Brent Krahn with a rebound.
18:52 of 3rd period - Kyle Brodziak is hit by Cody McCormick and loses puck.
19:31 of 3rd period - Brian Flynn is hit by Pierre-Cédric Labrie.
Goals for this period are 2 for Influenza vs 1 for Saguenéens.
Shots for this period are 15 for Influenza vs 12 for Saguenéens.
Output by the SimonT Hockey Simulator (STHS) for François Prévost -- Original Page W3C XHTML 1.0 Valid